[Event "83rd ESP-ch Women-ch 2018"]
[Site "Linares"]
[Date "2018.08.24"]
[Round "5"]
[White "Tudela Corbalan, Carlos"]
[Black "Antunez Munoz, Ines"]
[Result "1-0"]
[WhiteElo "2246"]
[BlackElo "1956"]
[ECO "A25"]
[Opening "English"]
[Variation "Sicilian reversed"]
[TimeControl "40/5400+30:1800+30"]
[Annotator "NA"]
[EventDate "2018.08.09"]
[PlyCount "95"]
[EventType "tourn"]
[EventCountry "ESP"]

1. c4 e5 2. Nc3 Nc6 3. g3 Bc5 4. Bg2 d6 5. e3 a6 6. Nge2 Ba7 7. b3 Nge7 8.
Bb2 O-O 9. d4 exd4 $146 10. exd4 Nf5 11. Nd5 Re8 12. O-O Rb8 13. Qd2 Nce7
14. Nxe7+ Qxe7 15. Nf4 Qg5 16. Rad1 Bd7 17. Qc3 h5 18. Nd5 c6 19. Bc1 Qg6
20. Nf4 Qh6 21. c5 h4 22. g4 Ne7 23. h3 Qf6 24. Nh5 Qg6 25. Nf4 Qf6 26. b4
Rbd8 27. Rfe1 d5 28. Re5 g6 29. Rde1 Nc8 30. Nd3 Bb8 31. Bg5 Qg7 32. Bxd8
Bxe5 33. Nxe5 Rxd8 34. Nxd7 Rxd7 35. Re8+ Kh7 36. Rxc8 Re7 37. g5 f6 38.
Qd2 fxg5 39. Qxg5 Re1+ 40. Kh2 Qe7 41. Qxe7+ Rxe7 42. a4 $18 Kh6 43. Rb8
Rf7 44. Kg1 Kg5 45. b5 axb5 46. axb5 Kf4 47. b6 Kg5 48. Rc8 1-0

[Event "83rd ESP-ch Women-ch 2018"]
[Site "Linares"]
[Date "2018.08.24"]
[Round "5"]
[White "Garcia Romero, Benjamin Abel"]
[Black "Teran Alvarez, Ismael"]
[Result "0-1"]
[WhiteElo "2230"]
[BlackElo "2377"]
[ECO "B42"]
[Opening "Sicilian"]
[Variation "Kan, 5.Bd3"]
[TimeControl "40/5400+30:1800+30"]
[Annotator "NA"]
[EventDate "2018.08.09"]
[PlyCount "84"]
[EventType "tourn"]
[EventCountry "ESP"]

1. e4 c5 2. Nf3 e6 3. d4 cxd4 4. Nxd4 a6 5. Bd3 Qc7 6. Qe2 d6 7. O-O Nf6 8.
f4 Be7 9. Kh1 O-O 10. Bd2 Nbd7 11. Nc3 b5 12. Rae1 b4 13. Nd1 Rb8 $146 14.
e5 Nd5 15. Nf2 Nc5 16. Bc4 Bb7 17. Ng4 Nb6 18. Bd3 Nxd3 19. cxd3 Qc5 20.
Be3 Qd5 21. Bg1 dxe5 22. fxe5 Nd7 23. Rf3 a5 24. Rh3 Bc5 25. Nf3 Be7 26. b3
Ba6 27. Nd4 Rbc8 28. Rf1 Bg5 29. Rh5 Be7 30. Nf6+ Bxf6 31. exf6 Bxd3 32.
Qg4 Nxf6 33. Rxf6 Qd8 34. Rf1 Bxf1 35. Nxe6 fxe6 36. Qxe6+ Kh8 37. Qg6
Bxg2+ 38. Kxg2 Qd2+ $19 39. Kh1 h6 40. Re5 Qc2 41. Qxc2 Rxc2 42. Rxa5 Rf1
0-1

[Event "83rd ESP-ch Women-ch 2018"]
[Site "Linares"]
[Date "2018.08.24"]
[Round "5"]
[White "Diaz Castro, Ismael"]
[Black "Ucles Lirola, Moises"]
[Result "1-0"]
[WhiteElo "2212"]
[BlackElo "1858"]
[ECO "B23"]
[Opening "Sicilian"]
[Variation "closed"]
[TimeControl "40/5400+30:1800+30"]
[Annotator "NA"]
[EventDate "2018.08.09"]
[PlyCount "71"]
[EventType "tourn"]
[EventCountry "ESP"]

1. e4 c5 2. Nc3 d6 3. Nf3 g6 4. d4 cxd4 5. Qxd4 Nf6 6. e5 dxe5 7. Qxd8+
Kxd8 8. Nxe5 Be6 9. Be3 Nbd7 10. O-O-O Kc8 11. Nf3 Ng4 12. Bd4 Bh6+ 13. Kb1
Rd8 14. Be2 Ngf6 15. h4 Nd5 16. Ng5 Nf8 17. Bf3 f6 18. Nxe6 Nxc3+ 19. Bxc3
Nxe6 20. Rde1 Rd6 21. h5 Bf8 22. hxg6 hxg6 23. Rh8 Kd7 24. Bxb7 Rb8 25. Be4
f5 26. Bd3 Nd4 27. g4 Nf3 28. Re3 Nd4 29. gxf5 Nxf5 30. Rf3 Rd8 31. a4 e6
32. Bb4 Ke7 33. Bxf5 gxf5 34. Rd3 Kf7 35. Bxd6 Rxd6 36. Rxf8+ 1-0

[Event "83rd ESP-ch Women-ch 2018"]
[Site "Linares"]
[Date "2018.08.24"]
[Round "5"]
[White "Porta Tovar, Guillem"]
[Black "Fernandez Garcia, Francisco Jose"]
[Result "1-0"]
[WhiteElo "2166"]
[BlackElo "1835"]
[ECO "B30"]
[Opening "Sicilian defence"]
[TimeControl "40/5400+30:1800+30"]
[Annotator "NA"]
[EventDate "2018.08.09"]
[PlyCount "97"]
[EventType "tourn"]
[EventCountry "ESP"]

1. e4 c5 2. Nf3 Nc6 3. g3 g6 4. Bg2 Bg7 5. O-O e6 6. Qe2 Nge7 7. d3 d6 8.
c3 Rb8 9. a3 Qc7 10. h4 h5 11. Be3 e5 12. b4 b6 13. Ng5 f6 14. Nh3 O-O 15.
f4 f5 16. Ng5 Bh6 17. Qa2+ Kg7 18. Nd2 Bxg5 19. hxg5 Ba6 20. Qb1 Bc8 21.
Qb2 Kh7 22. Rae1 exf4 23. gxf4 Be6 24. b5 Na5 25. c4 Qd7 26. Qc3 Rbc8 27.
exf5 Bxf5 28. Ne4 Bxe4 29. dxe4 Qe6 30. Rc1 Rce8 31. Bd2 Qg4 32. Rc2 Nb7
33. Kh1 Nd8 34. Bh3 Qe2 35. Be3 Nd5 36. cxd5 Qxb5 37. Qc4 Qxc4 38. Rxc4 b5
39. Rc3 Rxe4 40. f5 Kg7 41. f6+ Kf7 42. Bf4 Nb7 43. Re3 Rxe3 44. Bxe3 Re8
45. Be6+ Kf8 46. f7 Re7 47. Rf6 Nd8 48. Bf4 Nxe6 49. dxe6 1-0

[Event "83rd ESP-ch Women-ch 2018"]
[Site "Linares"]
[Date "2018.08.24"]
[Round "5"]
[White "Cuevas Fernandez, Jose Alberto"]
[Black "Serarols Mabras, Bernat"]
[Result "0-1"]
[WhiteElo "2147"]
[BlackElo "2313"]
[ECO "D38"]
[Opening "QGD"]
[Variation "Ragozin variation"]
[TimeControl "40/5400+30:1800+30"]
[Annotator "NA"]
[EventDate "2018.08.09"]
[PlyCount "70"]
[EventType "tourn"]
[EventCountry "ESP"]

1. d4 Nf6 2. Nf3 d5 3. c4 e6 4. Nc3 Bb4 5. a3 Bxc3+ 6. bxc3 c6 7. e3 b6 8.
a4 O-O 9. Bd3 Ba6 10. Ba3 Re8 11. Ne5 dxc4 12. Bc2 Qc7 13. g4 Nfd7 14.
Bxh7+ Kxh7 15. Nxf7 Kg8 16. g5 Nf8 17. Nd6 Rd8 18. Ne4 Qf7 19. h4 c5 20.
Rg1 Qf5 21. Nf6+ gxf6 22. gxf6+ Kh8 23. Rg5 Qxf6 24. Qh5+ Nh7 25. O-O-O Nc6
26. Rdg1 Rd7 27. f4 Na5 28. Rg6 Qf5 29. Qh6 Nb3+ 30. Kb2 Rad8 31. Rg7 cxd4
32. Ka2 dxc3 33. Bf8 Qc2+ 34. Ka3 Qb2+ 35. Kb4 Nd4# 0-1

[Event "83rd ESP-ch Women-ch 2018"]
[Site "Linares"]
[Date "2018.08.24"]
[Round "5"]
[White "Lopez Varela, Pablo"]
[Black "Alvarez Fernandez, Enrique"]
[Result "1/2-1/2"]
[WhiteElo "2100"]
[BlackElo "2324"]
[ECO "C00"]
[Opening "French"]
[Variation "Wing gambit"]
[TimeControl "40/5400+30:1800+30"]
[Annotator "NA"]
[EventDate "2018.08.09"]
[PlyCount "92"]
[EventType "tourn"]
[EventCountry "ESP"]

1. e4 e6 2. Nf3 d5 3. e5 c5 4. b4 c4 5. c3 a5 6. b5 Nd7 7. d4 Ne7 $146 8.
a4 f6 9. Qe2 Ng6 10. exf6 Nxf6 11. Bg5 Be7 12. Nbd2 O-O 13. Ne5 Nxe5 14.
dxe5 Nd7 15. Bxe7 Qxe7 16. Qe3 Nc5 17. Be2 Bd7 18. O-O Be8 19. Nf3 Bh5 20.
Nd4 Bxe2 21. Nxe2 Rac8 22. Nd4 g5 23. f3 Rf7 24. Rfb1 Nb3 25. Nxb3 cxb3 26.
Rxb3 Qc5 27. Qxc5 Rxc5 28. b6 Rf4 29. Kf2 Kf7 30. Ke3 Ke7 31. g3 Rfc4 32.
Kd3 Kd7 33. Raa3 Ke7 34. Rb1 Kf7 35. Rb2 h5 36. h3 h4 37. g4 Ke7 38. Rb5
Kd7 39. Rab3 Kc6 40. Rxc5+ Rxc5 41. Rb5 Rc4 42. Rxa5 Rf4 43. Ke3 Rc4 44.
Kd3 Rf4 45. Ke3 Rc4 46. Kd3 Rf4 1/2-1/2

[Event "83rd ESP-ch Women-ch 2018"]
[Site "Linares"]
[Date "2018.08.24"]
[Round "5"]
[White "Jimenez de la Torre, Jose Antonio"]
[Black "Badillo Ramos, Steve"]
[Result "1-0"]
[WhiteElo "2076"]
[BlackElo "1901"]
[ECO "B38"]
[Opening "Sicilian"]
[Variation "accelerated fianchetto, Maroczy bind, 6.Be3"]
[TimeControl "40/5400+30:1800+30"]
[Annotator "NA"]
[EventDate "2018.08.09"]
[PlyCount "119"]
[EventType "tourn"]
[EventCountry "ESP"]

1. e4 c5 2. Nf3 Nc6 3. d4 cxd4 4. Nxd4 g6 5. c4 Bg7 6. Be3 Nf6 7. Nc3 O-O
8. Be2 d6 9. O-O Bd7 10. Rc1 Nxd4 11. Bxd4 Bc6 12. f4 Nd7 13. Bxg7 Kxg7 14.
Qd4+ Kg8 15. b4 Qb6 16. Qxb6 Nxb6 17. b5 Bd7 18. a4 a5 19. e5 Be6 20. exd6
exd6 21. Ne4 Nxa4 22. Nxd6 b6 23. f5 Rad8 24. Nb7 Rd2 25. Bd1 Bxf5 26. Bxa4
Be4 27. Rf2 Rxf2 28. Kxf2 Bxb7 29. c5 bxc5 30. Rxc5 Rc8 31. Rxc8+ Bxc8 32.
Ke3 Kf8 33. Kd4 Ke7 34. Kc5 Bb7 35. g3 Kd8 36. Kb6 Kc8 37. Kxa5 f5 38. Bb3
Kb8 39. Bg8 g5 40. Bxh7 f4 41. gxf4 gxf4 42. h4 Bf3 43. Bg6 Be2 44. h5 f3
45. h6 f2 46. h7 f1=Q 47. h8=Q+ Kc7 48. Qe5+ Kd8 49. Qe8+ Kc7 50. b6+ Kd6
51. Qd8+ Kc5 52. Qc7+ Kd4 53. Qd6+ Kc4 54. Qb4+ Kd5 55. Be4+ Ke5 56. b7
Qa1+ 57. Kb6 Qa6+ 58. Kc7 Qa7 59. Qb6 Qa1 60. Bc6 1-0

[Event "83rd ESP-ch Women-ch 2018"]
[Site "Linares"]
[Date "2018.08.24"]
[Round "5"]
[White "Gil Quilez, Sonia"]
[Black "Calzetta Ruiz, Monica"]
[Result "1-0"]
[WhiteElo "2066"]
[BlackElo "2302"]
[ECO "A58"]
[Opening "Benko gambit accepted"]
[TimeControl "40/5400+30:1800+30"]
[Annotator "NA"]
[EventDate "2018.08.09"]
[PlyCount "91"]
[EventType "tourn"]
[EventCountry "ESP"]

1. d4 Nf6 2. c4 c5 3. d5 b5 4. cxb5 a6 5. bxa6 g6 6. Nc3 Bg7 7. Nf3 O-O 8.
a7 Rxa7 9. e4 d6 10. Be2 Nbd7 11. O-O Nb6 $146 12. Qc2 Bd7 13. Nd2 e6 14.
Nc4 exd5 15. Nxd6 dxe4 16. Ncb5 Bxb5 17. Nxb5 Ra5 18. Qxc5 Na4 19. Qc2 Qb8
20. Qb3 Rd8 21. Rd1 Rxd1+ 22. Qxd1 h5 23. h3 Rxb5 24. Qxa4 Rb4 25. Qc2 Nd5
26. a3 Rb6 27. Ra2 Nf4 28. Qxe4 Nxe2+ 29. Qxe2 Re6 30. Be3 Bd4 31. b4 Bxe3
32. fxe3 Qa7 33. Qf2 Rxe3 34. Re2 Rxa3 35. Qxa7 Rxa7 36. Kf2 Rb7 37. Rb2 f5
38. Ke3 Kf7 39. Kd4 g5 40. b5 Kf6 41. Kd5 Rb8 42. b6 f4 43. b7 $18 g4 44.
hxg4 h4 45. Ke4 Kg5 46. Kf3 1-0

[Event "83rd ESP-ch Women-ch 2018"]
[Site "Linares"]
[Date "2018.08.24"]
[Round "5"]
[White "Cruz Ramirez, Nauzet"]
[Black "Suriol Peinado, Alberto"]
[Result "1-0"]
[WhiteElo "2037"]
[BlackElo "1781"]
[ECO "A07"]
[Opening "Reti"]
[Variation "King's Indian attack (Barcza system)"]
[TimeControl "40/5400+30:1800+30"]
[Annotator "NA"]
[EventDate "2018.08.09"]
[PlyCount "67"]
[EventType "tourn"]
[EventCountry "ESP"]

1. Nf3 d5 2. g3 Nf6 3. Bg2 e6 4. c4 c6 5. O-O Be7 6. d4 Nbd7 7. b3 O-O 8.
Bb2 Re8 9. Nbd2 Nf8 10. Re1 Ng6 11. Ne5 Nxe5 12. dxe5 Nd7 13. Qc2 Nb6 14.
Rad1 Bd7 15. e4 dxc4 16. Nxc4 Nxc4 17. Qxc4 Qc7 18. Re2 Rad8 19. Rc2 c5 20.
Qc3 b5 21. Ba3 Rc8 22. Qe3 c4 23. Bd6 Bxd6 24. Rxd6 Red8 25. bxc4 bxc4 26.
Bf1 Bb5 27. a4 Bxa4 28. Rxc4 Qa5 29. Rxd8+ Rxd8 30. Qa3 Qxe5 31. Qxa4 a5
32. Qc2 f5 33. exf5 exf5 34. Rc5 1-0

[Event "83rd ESP-ch Women-ch 2018"]
[Site "Linares"]
[Date "2018.08.24"]
[Round "5"]
[White "Nunez, Daniela Alejandra"]
[Black "Roldan Marques, Daniel"]
[Result "1-0"]
[WhiteElo "2021"]
[BlackElo "2161"]
[ECO "C53"]
[Opening "Giuoco Piano"]
[TimeControl "40/5400+30:1800+30"]
[Annotator "ChessBase"]
[EventDate "2018.08.09"]
[PlyCount "137"]
[EventType "tourn"]
[EventCountry "ESP"]

1. e4 e5 2. Nf3 Nc6 3. Bc4 Bc5 4. c3 Nf6 5. d3 a6 6. O-O Ba7 7. Re1 O-O 8.
h3 h6 9. Nbd2 Re8 10. Bb3 d6 11. Nf1 Be6 12. Ng3 d5 13. exd5 Bxd5 14. Bc2
Qd7 15. Be3 Bxe3 16. fxe3 Bxf3 17. Qxf3 Qd5 18. e4 Qc5+ 19. Kh2 Nh7 20. Rf1
Qe7 21. Nf5 Qf6 22. Rae1 Ne7 23. Bb3 Nxf5 24. Qe2 Re7 25. Rxf5 Qg6 26. Ref1
Rf8 27. R1f3 Kh8 28. Rg3 Qd6 29. Qh5 Nf6 30. Qh4 Ng8 31. Rgf3 Qg6 32. Qf2
f6 33. Qh4 Rd8 34. Rg3 Qh7 35. Qh5 Rf8 36. Rff3 g5 37. h4 Rg7 38. Be6 gxh4
39. Qxh4 Rg5 40. Rh3 Qg6 41. Rfg3 Kg7 42. Bf5 Qf7 43. d4 Re8 44. d5 Rd8 45.
c4 Kf8 46. Be6 Qg6 47. c5 Ke7 48. Bf5 Qg7 49. Qh5 Kf8 50. Qh4 Ne7 51. Be6
Ng6 52. Qxh6 Qxh6 53. Rxh6 Kg7 54. Rxg5 Kxh6 55. Rf5 Kg7 56. g3 Nf8 57. Rf3
Nxe6 58. dxe6 Rd2+ 59. Kh3 Rxb2 60. Rd3 Kf8 61. Rd7 Rxa2 62. Rxc7 Rc2 63.
Kg4 a5 64. Kf5 Rf2+ 65. Kg6 a4 66. Rxb7 a3 67. Ra7 Rf3 68. c6 Rc3 69. Kxf6
1-0

[Event "83rd ESP-ch Women-ch 2018"]
[Site "Linares"]
[Date "2018.08.24"]
[Round "5"]
[White "Perez Beltran, Salvador"]
[Black "Jimenez Bernal, Francisco"]
[Result "1/2-1/2"]
[WhiteElo "2018"]
[BlackElo "2250"]
[ECO "B52"]
[Opening "Sicilian"]
[Variation "Canal-Sokolsky attack, Sokolsky variation"]
[TimeControl "40/5400+30:1800+30"]
[Annotator "NA"]
[EventDate "2018.08.09"]
[PlyCount "61"]
[EventType "tourn"]
[EventCountry "ESP"]

1. e4 c5 2. Nf3 d6 3. Bb5+ Bd7 4. Bxd7+ Qxd7 5. c4 Nf6 6. Nc3 g6 7. d4 cxd4
8. Nxd4 Bg7 9. f3 O-O 10. Be3 Nc6 11. Qd3 Ne5 12. Qe2 Rfc8 13. b3 a6 14.
Rc1 b5 15. cxb5 d5 16. Bf4 Nh5 17. Bxe5 Bxe5 18. Nc6 Rxc6 19. bxc6 Qxc6 20.
Qd3 Nf4 21. Qd2 Nxg2+ 22. Kf2 Bf4 23. Nxd5 Qxc1 24. Qxc1 Bxc1 25. Rxc1 e6
26. Nc7 Nf4 27. Ke3 Ng2+ 28. Kf2 Nf4 29. Ke3 Ng2+ 30. Kf2 Nf4 31. Ke3
1/2-1/2

[Event "83rd ESP-ch Women-ch 2018"]
[Site "Linares"]
[Date "2018.08.24"]
[Round "5"]
[White "Pablos Tenrero, Raquel"]
[Black "Maranon Canton, Antonio"]
[Result "1-0"]
[WhiteElo "2015"]
[BlackElo "1868"]
[ECO "A45"]
[Opening "Queen's pawn game"]
[TimeControl "40/5400+30:1800+30"]
[Annotator "NA"]
[EventDate "2018.08.09"]
[PlyCount "91"]
[EventType "tourn"]
[EventCountry "ESP"]

1. d4 Nf6 2. Nc3 d5 3. Bf4 e6 4. e3 Bb4 5. Bd3 Nbd7 6. Nf3 O-O 7. O-O c5 8.
dxc5 Bxc3 9. bxc3 Nxc5 10. Be5 Nfe4 11. c4 b6 12. Qe2 dxc4 13. Bxc4 Bb7 14.
Rad1 Qe7 15. Ba1 Rad8 16. Nd4 Nd6 17. Bd3 Nxd3 18. cxd3 Qh4 19. e4 Qg5 20.
f4 Qe7 21. Qb2 f6 22. Qb3 Rde8 23. Rf3 Kh8 24. Rh3 f5 25. e5 Nf7 26. Qb2
Nh6 27. Rg3 Ng4 28. h3 Qh4 29. Ne2 g5 30. Qd2 gxf4 31. Qxf4 h5 32. Rc1 Rf7
33. hxg4 hxg4 34. Bd4 Rh7 35. Kf1 Qh1+ 36. Bg1 Rh2 37. Qf2 Re7 38. Nf4 Kg7
39. Nxe6+ Rxe6 40. Rc7+ Kg6 41. Rxb7 Rxe5 42. Qd4 Kf6 43. Qd6+ Re6 44. Qf8+
Ke5 45. Re7 Kf4 46. Qb8+ 1-0

[Event "83rd ESP-ch Women-ch 2018"]
[Site "Linares"]
[Date "2018.08.24"]
[Round "5"]
[White "Blazquez Gomez, Miguel"]
[Black "Orantes Taboada, Francisco"]
[Result "0-1"]
[WhiteElo "1998"]
[BlackElo "2242"]
[ECO "A04"]
[Opening "Reti opening"]
[TimeControl "40/5400+30:1800+30"]
[Annotator "NA"]
[EventDate "2018.08.09"]
[PlyCount "74"]
[EventType "tourn"]
[EventCountry "ESP"]

1. Nf3 b6 2. g3 Bb7 3. Bg2 e6 4. b3 Nf6 5. Bb2 Be7 6. O-O O-O 7. c4 c5 8.
d3 d5 9. Nc3 Nbd7 10. e3 Rc8 11. Qe2 Qc7 12. Rac1 Rfd8 13. Rfd1 Qb8 14. h4
dxc4 15. dxc4 Qa8 16. Nb1 Ne4 17. Ne1 Bf6 18. Kh2 Bxb2 19. Qxb2 Ndf6 20. f3
Qb8 21. fxe4 Ng4+ 22. Kh3 f5 23. Qe2 g5 24. hxg5 Qc7 25. exf5 exf5 26. Bxb7
Qxb7 27. Qf3 Qf7 28. Ng2 Rxd1 29. Rxd1 Qh5+ 30. Nh4 Nf2+ 31. Qxf2 Qxd1 32.
Qxf5 Re8 33. Nc3 Rxe3 34. Qc8+ Kf7 35. Qc7+ Ke8 36. Qc8+ Qd8 37. Qe6+ Rxe6
0-1

[Event "83rd ESP-ch Women-ch 2018"]
[Site "Linares"]
[Date "2018.08.24"]
[Round "5"]
[White "Diaz Rodriguez, Jose Antonio"]
[Black "Carretero Ortiz, Francisco"]
[Result "1/2-1/2"]
[WhiteElo "1991"]
[BlackElo "2241"]
[ECO "B00"]
[Opening "King's pawn opening"]
[TimeControl "40/5400+30:1800+30"]
[Annotator "NA"]
[EventDate "2018.08.09"]
[PlyCount "46"]
[EventType "tourn"]
[EventCountry "ESP"]

1. e4 d6 2. d4 g6 3. Be3 Bg7 4. Nc3 a6 5. Qd2 b5 6. O-O-O Bb7 7. f3 Nd7 8.
g4 Rc8 9. h4 h6 10. Nge2 c5 11. Ng3 Qa5 12. Kb1 Nb6 13. Ka1 c4 14. Nb1 Qxd2
15. Rxd2 e6 16. c3 d5 17. e5 Ne7 18. Na3 Na4 19. Nb1 Nb6 20. Na3 Na4 21.
Nb1 Nb6 22. Na3 Na4 23. Nb1 Nb6 1/2-1/2

[Event "83rd ESP-ch Women-ch 2018"]
[Site "Linares"]
[Date "2018.08.24"]
[Round "5"]
[White "Gonzalez Garcia, Francisco"]
[Black "Comellas Martos, Lidia"]
[Result "1-0"]
[WhiteElo "1972"]
[BlackElo "2001"]
[ECO "B12"]
[Opening "Caro-Kann"]
[Variation "advance variation"]
[TimeControl "40/5400+30:1800+30"]
[Annotator "NA"]
[EventDate "2018.08.09"]
[PlyCount "125"]
[EventType "tourn"]
[EventCountry "ESP"]

1. e4 c6 2. d4 d5 3. e5 c5 4. c3 Nc6 5. Nf3 Bg4 6. Be2 e6 7. O-O Bxf3 8.
Bxf3 cxd4 9. cxd4 Qb6 10. Be3 Qxb2 11. Nd2 Qb6 12. Rb1 Qc7 13. Qb3 Rb8 $146
14. Rfc1 Nge7 15. Qa4 Qd7 16. Qd1 Nf5 17. Nb3 Ba3 18. Nc5 Bxc5 19. Rxc5 O-O
20. Be2 a6 21. Rbc1 Rfc8 22. Qa4 Nfe7 23. Qa3 Nd8 24. Bg5 Rxc5 25. Rxc5
Ndc6 26. Qb2 Nf5 27. Be3 Rc8 28. Bg4 Nce7 29. Rxc8+ Qxc8 30. Be2 Qc6 31. g4
Nxe3 32. fxe3 Nc8 33. Bd3 b5 34. h4 h6 35. g5 hxg5 36. hxg5 g6 37. Kf2 Ne7
38. Qa3 Kf8 39. Qa5 Ke8 40. a4 bxa4 41. Bxa6 Qc2+ 42. Ke1 Ng8 43. Bb5+ Kf8
44. Bxa4 Qb1+ 45. Kf2 Qf5+ 46. Ke2 Qxg5 47. Qe1 Ne7 48. Bc2 Nf5 49. Qf2 Kg7
50. Bd3 Qh5+ 51. Kd2 Qg5 52. Ke2 Qg4+ 53. Ke1 Qh3 54. Ke2 Qh6 55. Bc2 Qh1
56. Bd3 Qc1 57. Qf4 Qg1 58. Bxf5 gxf5 59. Kd2 Qg2+ 60. Ke1 Qg4 61. Qf2 Kg6
62. Kf1 $2 Kg5 63. Qd2 $19 1-0

[Event "83rd ESP-ch Women-ch 2018"]
[Site "Linares"]
[Date "2018.08.24"]
[Round "5"]
[White "Ortin Blanco, Ainhoa"]
[Black "Blazquez Gomez, Juan Carlos"]
[Result "1/2-1/2"]
[WhiteElo "1951"]
[BlackElo "2240"]
[ECO "A43"]
[Opening "Old Benoni defence"]
[TimeControl "40/5400+30:1800+30"]
[Annotator "ChessBase"]
[EventDate "2018.08.09"]
[PlyCount "139"]
[EventType "tourn"]
[EventCountry "ESP"]

1. d4 c5 2. d5 Nf6 3. c4 g6 4. Nc3 d6 5. Nf3 Bg7 6. Bf4 O-O 7. e3 Qa5 8.
Qd2 a6 9. Bd3 b5 10. O-O bxc4 11. Bxc4 Qb4 12. Be2 Nh5 13. a3 Qb7 14. Bg5
h6 15. Bh4 g5 16. Bg3 Nxg3 17. hxg3 Nd7 18. Bd3 Nf6 19. Bc2 Bg4 20. Rab1
Rfc8 21. Kh2 Qd7 22. Ng1 Bf5 23. f3 Bxc2 24. Qxc2 Rab8 25. Nge2 Rb6 26. Na4
Rb7 27. Rfd1 Rcb8 28. b3 Qb5 29. Nec3 Qa5 30. Na2 Nd7 31. b4 cxb4 32. axb4
Qb5 33. Rbc1 Ne5 34. N4c3 Qd7 35. Qe2 Ra7 36. Ne4 Ng6 37. Nf2 Qa4 38. Qc2
Qd7 39. Qc6 Qd8 40. Nd3 Ne5 41. Nxe5 Bxe5 42. Rc4 a5 43. f4 Bf6 44. bxa5
Qxa5 45. Nc3 Ra6 46. Qc7 Qxc7 47. Rxc7 Rb4 48. Rd2 Ra3 49. Nd1 Re4 50. Kg1
Ra1 51. Kf2 Ra5 52. Kf3 Rb4 53. Ke2 Kg7 54. Rc4 Kg6 55. Re4 Kf5 56. Rc4 Kg4
57. Kf2 gxf4 58. gxf4 Bh4+ 59. Kf1 Kf5 60. Ke2 Bf6 61. Rc8 h5 62. Rf8 Kg6
63. Rg8+ Kh7 64. Rg3 Kh6 65. Rh3 Kg6 66. Rg3+ Kh6 67. Rh3 h4 68. g3 Kh5 69.
gxh4 Bxh4 70. Kf3 1/2-1/2

[Event "83rd ESP-ch Women-ch 2018"]
[Site "Linares"]
[Date "2018.08.24"]
[Round "5"]
[White "Anillo Fernandez, Isabel Maria"]
[Black "Sanchez Vigon, David"]
[Result "0-1"]
[WhiteElo "1924"]
[BlackElo "2220"]
[ECO "B36"]
[Opening "Sicilian"]
[Variation "accelerated fianchetto, Maroczy bind"]
[TimeControl "40/5400+30:1800+30"]
[Annotator "NA"]
[EventDate "2018.08.09"]
[PlyCount "104"]
[EventType "tourn"]
[EventCountry "ESP"]

1. e4 c5 2. Nf3 Nc6 3. d4 cxd4 4. Nxd4 g6 5. c4 Nf6 6. Nc3 d6 7. Be2 Nxd4
8. Qxd4 Bg7 9. Be3 O-O 10. Qd3 Be6 11. Bd4 Nd7 12. Bxg7 Kxg7 13. O-O Qb6
14. b3 a5 15. Nd5 $146 Bxd5 16. exd5 Nc5 17. Qd4+ Kg8 18. Bd1 a4 19. Bc2
axb3 20. axb3 Qb4 21. Qe3 Rxa1 22. Rxa1 Re8 23. g3 Qb6 24. Qc3 Nd7 25. b4
Nf6 26. Re1 Qc7 27. Qd4 Rc8 28. Bd3 Kf8 29. Rc1 b6 30. h3 Kg8 31. Ra1 Nd7
32. Be2 Nf6 33. Kg2 Qb7 34. Bf3 Nd7 35. Kg1 Ne5 36. Be2 Rxc4 37. Qd2 Rc7
38. Rd1 Qc8 39. Kg2 Qf5 40. Qd4 Rc2 41. Rd2 Rxd2 42. Qxd2 Qe4+ 43. f3 Qb1
44. b5 Qb3 45. Qc1 Qxd5 46. Qc8+ Kg7 47. Qc3 Qc5 48. Qb2 f6 49. Qa2 d5 50.
f4 Nc4 51. Qa7 Ne3+ $19 52. Kf3 Nf5 0-1

[Event "83rd ESP-ch Women-ch 2018"]
[Site "Linares"]
[Date "2018.08.24"]
[Round "5"]
[White "Rodriguez Redondo, Adhara"]
[Black "Kolotilina, Liudmila"]
[Result "0-1"]
[WhiteElo "1909"]
[BlackElo "2216"]
[ECO "B92"]
[Opening "Sicilian"]
[Variation "Najdorf, Opovcensky variation"]
[TimeControl "40/5400+30:1800+30"]
[Annotator "NA"]
[EventDate "2018.08.09"]
[PlyCount "70"]
[EventType "tourn"]
[EventCountry "ESP"]

1. e4 c5 2. Nf3 d6 3. d4 cxd4 4. Nxd4 Nf6 5. Nc3 a6 6. Be2 e5 7. Nb3 Be7 8.
O-O O-O 9. a4 Nc6 10. Be3 Be6 11. Bf3 Nb4 12. Qd2 Rc8 13. Rfd1 Ng4 14. Bxg4
Bxg4 15. f3 Be6 16. Nc1 f5 17. Nd3 Nc6 18. exf5 Rxf5 19. f4 d5 20. Nc5 Bxc5
21. Bxc5 exf4 22. Re1 Bf7 23. Bf2 Qg5 24. Kh1 Ne5 25. Rad1 Nc4 26. Qc1 Qf6
27. Rd4 Ne3 28. Bxe3 fxe3 29. Ne2 Rf2 30. Rd3 Qg6 31. Ng3 Rcxc2 32. Qxe3
Rxg2 33. Re2 Rxg3 34. hxg3 Qh5+ 35. Kg1 Rxe2 0-1

[Event "83rd ESP-ch Women-ch 2018"]
[Site "Linares"]
[Date "2018.08.24"]
[Round "5"]
[White "Vazquez Pino, Miguel Angel"]
[Black "Garcia Vicente, Nieves"]
[Result "0-1"]
[WhiteElo "1909"]
[BlackElo "2181"]
[ECO "C50"]
[Opening "Giuoco Pianissimo"]
[TimeControl "40/5400+30:1800+30"]
[Annotator "NA"]
[EventDate "2018.08.09"]
[PlyCount "140"]
[EventType "tourn"]
[EventCountry "ESP"]

1. e4 e5 2. Nf3 Nc6 3. Bc4 Nf6 4. d3 Bc5 5. c3 a6 6. Bb3 d6 7. Nbd2 O-O 8.
h3 Ba7 9. Nf1 d5 10. Ng3 dxe4 11. dxe4 Qxd1+ 12. Bxd1 h6 13. O-O Be6 14.
Bc2 Rfd8 15. Re1 Nd7 16. Be3 Bxe3 17. Rxe3 Nb6 18. b3 a5 19. a4 Nd7 20. Rd3
Nc5 21. Rxd8+ Rxd8 22. Rb1 Na6 23. Kf1 g6 24. Ke2 f6 25. Ne1 Nc5 26. Nd3
Nd7 27. f3 Kg7 28. Nf1 Ne7 29. Ne3 b6 30. Rd1 Nb8 31. Nc5 Rxd1 32. Nxe6+
Kf7 33. Ng5+ hxg5 34. Bxd1 Ke6 35. Kd2 Kd6 36. Be2 Nd7 37. b4 Nc6 38. bxa5
Nxa5 39. Bb5 c6 40. Be2 Nc5 41. Nc4+ Nxc4+ 42. Bxc4 Ke7 43. a5 bxa5 44. Ba2
f5 45. Bb1 Kf6 46. Kc1 g4 47. h4 gxf3 48. gxf3 f4 49. Ba2 Kg7 50. Kd2 Nb7
51. Kd3 Nd6 52. Be6 Kh6 53. Bg4 c5 54. Kc2 a4 55. Kb2 Nc4+ 56. Ka2 Ne3 57.
Be6 Kh5 58. Bf7 Nc2 59. Be8 Ne1 60. Bxa4 Nxf3 61. Bd1 Kg4 62. Kb3 Kg3 63.
Kc4 Nxh4 64. Kxc5 f3 65. Kd5 Kf4 66. c4 Ng2 67. Bxf3 Ne3+ 68. Ke6 Nxc4 69.
Bh1 Ne3 70. Bf3 g5 0-1

[Event "83rd ESP-ch Women-ch 2018"]
[Site "Linares"]
[Date "2018.08.24"]
[Round "5"]
[White "Gomez Ligero, Sergio"]
[Black "Lopez Guerrero, Jose Miguel"]
[Result "0-1"]
[WhiteElo "1826"]
[BlackElo "2148"]
[ECO "B53"]
[Opening "Sicilian, Chekhover variation"]
[TimeControl "40/5400+30:1800+30"]
[Annotator "NA"]
[EventDate "2018.08.09"]
[PlyCount "66"]
[EventType "tourn"]
[EventCountry "ESP"]

1. e4 c5 2. Nf3 d6 3. d4 cxd4 4. Qxd4 Nc6 5. Qe3 g6 6. c4 Bg7 7. h3 Nf6 8.
Be2 O-O 9. Nc3 Nb4 10. Bd1 Be6 11. a3 Qa5 12. Nd2 Na6 13. b4 Qc7 14. Be2
Rfc8 15. Bb2 Qb8 16. O-O Nc7 17. Rab1 a6 18. e5 dxe5 19. Na4 Nd7 20. Nc5
Nxc5 21. bxc5 Ne8 22. h4 Qc7 23. Ne4 Bf5 24. Bf3 Rab8 25. Rfd1 Bxe4 26.
Bxe4 Qxc5 27. Qf3 Nd6 28. Rd5 Qxc4 29. Rxd6 exd6 30. Bd5 Qf4 31. Qb3 b5 32.
Qh3 e4 33. g3 Qf5 0-1

[Event "83rd ESP-ch Women-ch 2018"]
[Site "Linares"]
[Date "2018.08.24"]
[Round "5"]
[White "Argibay Fontan, Santiago"]
[Black "Gomez Sanjuan, Hector Fernando"]
[Result "0-1"]
[WhiteElo "1788"]
[BlackElo "2146"]
[ECO "A56"]
[Opening "Benoni defence"]
[TimeControl "40/5400+30:1800+30"]
[Annotator "NA"]
[EventDate "2018.08.09"]
[PlyCount "58"]
[EventType "tourn"]
[EventCountry "ESP"]

1. d4 Nf6 2. c4 c5 3. dxc5 e6 4. Bg5 Bxc5 5. Nh3 Qa5+ 6. Bd2 Qb6 7. Qc2 Nc6
8. e3 d5 9. Nc3 Be7 10. cxd5 exd5 11. Nf4 Qd8 12. Bb5 O-O 13. Bxc6 bxc6 14.
O-O Rb8 15. Rfd1 Bd6 16. Nce2 Bd7 17. Rac1 Ne4 18. Be1 Qf6 19. b3 Qh6 20.
f3 Nf6 21. Bg3 Rfe8 22. e4 Ba3 23. Ra1 dxe4 24. fxe4 Bg4 25. h3 Nxe4 26.
Bf2 Bxe2 27. Nxe2 Nxf2 28. Kxf2 Qe3+ 29. Kf1 Bc5 0-1